 Dungeon Crawl Stone Soup version 0.21.1-1-g345015f (webtiles) character file.

3 Goblin1989 the Insei (level 1, -1/15 HPs)
             Began as a Demonspawn Transmuter on Mar 20, 2018.
             Slain by a kobold
             ... wielding a +0 dagger
              (4 damage)
             ... on level 1 of the Dungeon.
             The game lasted 00:01:24 (69 turns).

Goblin1989 the Insei (Demonspawn Transmuter)          Turns: 69, Time: 00:01:25

Health: -1/15      AC:  2    Str: 10    XL:     1   Next: 41%
Magic:  3/3        EV: 12    Int: 14    God:
Gold:   17         SH:  0    Dex: 13    Spells: 3/4 levels left

rFire    . . .     SeeInvis .     - Unarmed
rCold    . . .     Gourm    .   (no shield)
rNeg     . . .     Faith    .   b - +0 robe
rPois    .         Spirit   .   (no helmet)
rElec    .         Reflect  .   (no cloak)
rCorr    .         Harm     .   (no gloves)
MR       .....                  (no boots)
Stlth    +.........             (no amulet)
HPRegen  0.05/turn              (no ring)
MPRegen  0.08/turn              (no ring)

@: no status effects
A: no striking features
a: no special abilities


You were on level 1 of the Dungeon.
You were not hungry.

You visited 1 branch of the dungeon, and saw 1 of its levels.

You collected 17 gold pieces.

Inventory:

Missiles
 a - 12 arrows
Armour
 b - a +0 robe (worn)
Books
 c - a book of Changes

   Spells                             Type                      Level
   a - Beastly Appendage              Transmutation                1
   b - Sticks to Snakes               Transmutation                2
   c - Spider Form                    Transmutation/Poison         3
   d - Ice Form                       Ice/Transmutation            4
   e - Blade Hands                    Transmutation                5
Comestibles
 e - a ration
 f - a chunk of flesh


   Skills:
 - Level 1.0 Fighting
 - Level 1.7 Dodging
 + Level 2.9 Unarmed Combat
 - Level 2.0 Spellcasting
 - Level 1.7 Transmutations


You had 3 spell levels left.
You knew the following spells:

 Your Spells              Type           Power        Failure   Level  Hunger
a - Beastly Appendage     Tmut           #.....       12%         1    ##.....


Dungeon Overview and Level Annotations

Branches:
Dungeon (1/15)

Altars:


Message History

Found a stone staircase leading down.
There is a stone staircase leading down here.
A rat comes into view.
You see here 9 gold pieces.
The rat bites you but does no damage.
You hit the rat but do no damage. You hit the rat.
You kill the rat!
You see here a rat corpse.
You now have 8 gold pieces.
You butcher the rat corpse.
f - a chunk of flesh You now have 17 gold pieces (gained 9).
A jackal comes into view.
The jackal barks!
You hear a bark!
The jackal moves out of view.
A jackal and a kobold come into view.
The kobold shouts!
There are monsters nearby!
A goblin comes into view.
You hit the jackal.
You kill the jackal!
The goblin shouts!
You hear a shout!
The goblin moves out of view.
A giant cockroach and a hobgoblin come into view.
The hobgoblin shouts!
You hit the jackal.
The jackal is heavily wounded.
The jackal closely misses you.
The giant cockroach moves out of view.
You closely miss the jackal.
The jackal is heavily wounded.
The jackal bites you.
You take 3 damage, and have 12/15 hp.
You closely miss the jackal.
The jackal is heavily wounded.
The jackal bites you. x2
You take 2 damage, and have 10/15 hp.
You barely miss the jackal.
The jackal is heavily wounded.
The jackal bites you.
You take 3 damage, and have 7/15 hp.
You are too injured to fight recklessly!
You are too injured to fight recklessly!
You are too injured to fight recklessly!
You are too injured to fight recklessly!
You are too injured to fight recklessly!
You are too injured to fight recklessly!
You are too injured to fight recklessly!
You are too injured to fight recklessly!
You are too injured to fight recklessly!
You are too injured to fight recklessly!
You are too injured to fight recklessly!
You are too injured to fight recklessly!
You are too injured to fight recklessly!
You are too injured to fight recklessly!
You are too injured to fight recklessly!
You are too injured to fight recklessly!
You are too injured to fight recklessly!
You are too injured to fight recklessly!
You are too injured to fight recklessly!
You are too injured to fight recklessly!
You are too injured to fight recklessly!
You are too injured to fight recklessly!
You are too injured to fight recklessly!
You are too injured to fight recklessly!
You are too injured to fight recklessly!
You barely miss the jackal. You punch the jackal.
The jackal is heavily wounded.
The jackal barely misses you. The giant cockroach closely misses you.
You hit the jackal.
The jackal is almost dead.
The jackal barely misses you. The giant cockroach barely misses you.
The jackal closely misses you.
You barely miss the jackal.
The jackal is almost dead.
The giant cockroach barely misses you.
The jackal bites you but does no damage.
The giant cockroach closely misses you.
You hit the jackal but do no damage.
The jackal is almost dead.
The jackal bites you.
* * * LOW HITPOINT WARNING * * *
The giant cockroach barely misses you.
You take 1 damage, and have 6/15 hp.
You barely miss the jackal.
The jackal is almost dead.
The jackal bites you.
* * * LOW HITPOINT WARNING * * *
The giant cockroach misses you. The jackal barely misses you.
You take 1 damage, and have 5/15 hp.
You barely miss the jackal.
The jackal is almost dead.
The jackal completely misses you.
The giant cockroach bites you but does no damage.
You hit the jackal.
You kill the jackal!
The giant cockroach bites you.
* * * LOW HITPOINT WARNING * * *
The kobold hits you with a dagger.
You die...

....█ ....█ .hK.██
......█ ..h...██. .
█.█...█.. ...
██.█...(.. █
.....██████........█ .█
.....gs.@K......█..██.█
.....g█████.....█..█..
..... █.......... ....
█.......... ...
██.████.████..██ ..
........████..█ █
..██......██..█
█..........██████
.......█..........█


You could see a giant cockroach, a hobgoblin, a goblin and a kobold.

Vanquished Creatures
  2 jackals (D:1)
  A rat (D:1)
3 creatures vanquished.

Notes
Turn   | Place    | Note
-------+----------+-------------------------------------------
     0 | D:1      | Goblin1989 the Demonspawn Transmuter began the quest for the Orb.
     0 | D:1      | Reached XP level 1. HP: 15/15 MP: 3/3
    69 | D:1      | Slain by a kobold

Action                   || total
-------------------------++-------
Melee: Unarmed           ||    14
       Punch             ||     1
Armor: Robe              ||     3
Dodge: Dodged            ||    12

Vault maps used:
D:1:      dpeg_arrival_fog, minivault_23
